 Dungeon Crawl Stone Soup version 0.24-a0-769-g368c1644f8 (webtiles) character file.

Game seed: 11710649983392807089, levelgen mode: deterministic

63 Engwar the Cudgeler (level 3, 0/43 HPs)
             Began as a Demonspawn Berserker on Oct 3, 2019.
             Was a Follower of Trog.
             Slain by an orc
             ... wielding a +0 dagger
              (3 damage)
             ... on level 2 of the Dungeon on Oct 4, 2019.
             The game lasted 00:05:05 (779 turns).

Engwar the Cudgeler (Demonspawn Berserker)           Turns: 779, Time: 00:05:06

Health: 0/43       AC:  2    Str: 23    XL:     3   Next: 87%
Magic:  3/3        EV: 12    Int:  8    God:    Trog [*.....]
Gold:   37         SH:  0    Dex: 14    Spells: 2/2 levels left

rFire    . . .     SeeInvis .   a - +0 mace
rCold    . . .     Gourm    .   (no shield)
rNeg     . . .     Faith    .   b - +0 animal skin
rPois    .         Spirit   .   (no helmet)
rElec    .         Reflect  .   (no cloak)
rCorr    .         Harm     .   (no gloves)
MR       .....                  (no boots)
Stlth    ..........             (no amulet)
HPRegen  0.14/turn              (no ring)
MPRegen  0.08/turn              (no ring)

@: berserking, very quick
A: thin skeletal structure 1
a: Berserk, Renounce Religion


You were on level 2 of the Dungeon.
You worshipped Trog.
Trog was aware of your devotion.
You were very hungry.

You visited 1 branch of the dungeon, and saw 2 of its levels.

You collected 37 gold pieces.

Inventory:

Hand Weapons
 a - a +0 mace (weapon)
Missiles
 d - 26 sling bullets
Armour
 b - a +0 animal skin (worn)
Jewellery
 k - an uncursed amulet of faith {unknown}
 l - an uncursed ring of wizardry {unknown}
Scrolls
 e - a scroll of enchant armour {unknown}
 f - 2 scrolls of identify {unknown}
 g - a scroll of random uselessness {unknown}
 h - a scroll of enchant weapon {unknown}
 j - a scroll of blinking {unknown}
Comestibles
 c - 2 rations
 i - 2 chunks of flesh


   Skills:
 - Level 3.0 Fighting
 + Level 4.4 Maces & Flails
 - Level 1.7 Armour
 - Level 1.7 Dodging


You had 2 spell levels left.
You didn't know any spells.
Your spell library was empty.

Dungeon Overview and Level Annotations

Branches:
Dungeon (2/15)

Altars:


Innate Abilities, Weirdness & Mutations

You have a somewhat thin skeletal structure. (Dex +2, Stealth)


Message History

You sock the orc wizard!
The orc wizard is almost dead.
An orc comes into view.
The orc closely misses you.
You miss the orc wizard.
The orc wizard is almost dead.
The orc shouts!
The orc wizard hits you but does no damage.
The orc closely misses you. The orc hits you with a +0 dagger.
* * * LOW HITPOINT WARNING * * *
You barely miss the orc wizard.
The orc wizard is almost dead.
The orc priest misses you. The orc wizard closely misses you. The orc hits you.
* * * LOW HITPOINT WARNING * * *
You thump the orc priest!
You kill the orc priest!
Trog accepts your kill.
Your Maces & Flails skill increases to level 4!
The orc hits you with a +0 dagger.
You die...

#.#.###...## #..
#.......)).## #.#
#....>......####.#
............[....#
...........(####.#
................!#
.###......######.#
.# #.###.##
#...####### .. ..#
#.# #..@o...... .#
#.# #.#
#...oo[.##### .#
#.......#
#.......#
###..o### #...#
##... #.##


You could see an orc wizard and 3 orcs.

Vanquished Creatures
  An orc priest (D:2)
  An adder (D:1)
  A dart slug (D:2)
  4 goblins
  5 hobgoblins
  A bat (D:2)
  3 frilled lizards
  3 kobolds
  3 rats (D:1)
22 creatures vanquished.

Notes
Turn   | Place    | Note
-------+----------+-------------------------------------------
     0 | D:1      | Engwar the Demonspawn Berserker began the quest for the
                  | Orb.
     0 | D:1      | Reached XP level 1. HP: 18/18 MP: 1/1
   165 | D:1      | Reached skill level 3 in Maces & Flails
   289 | D:1      | Gained mutation: You have a somewhat thin skeletal
                  | structure. (Dex +2, Stealth) [demonic ancestry]
   289 | D:1      | Reached XP level 2. HP: 22/24 MP: 2/2
   729 | D:2      | Reached XP level 3. HP: 29/29 MP: 3/3
   750 | D:2      | Upgraded the game from 0.24-a0-762-gca426f56c8 to
                  | 0.24-a0-769-g368c1644f8
   779 | D:2      | Reached skill level 4 in Maces & Flails
   779 | D:2      | Slain by an orc

Levels and vault maps discovered:
D:1:      shiori_arrival_maze, layout_basic
D:2:      layout_loops_ring, nemelex_xobeh_ov_fountains_minmay,
          chequers_arboretum

Skill      XL: |  1  2  3 |
---------------+----------+-----
Maces & Flails | 3 4 |  4.4
Fighting       | |  3.0
Armour         | |  1.7
Dodging        | |  1.7

Action                   || total
-------------------------++-------
Melee: Mace              ||    64
Invok: Berserk           ||     2
 Stab: Sleeping          ||     3
Armor: Animal skin       ||     6
Dodge: Dodged            ||    45

Table legend:
 A = Non-vault XP
 B = Vault XP
 C = Vault XP percentage of total XP
 D = Non-vault monster count
 E = Vault monster count
 F = Vault count percentage of total count
                 A         B        C        D         E       F
            +---------+---------+-------+---------+---------+-------
      Total |      87 |       3 |   3.3 |      20 |       2 |   9.1
            +---------+---------+-------+---------+---------+-------
        D:1 |      30 |       3 |   9.1 |      12 |       2 |  14.3
        D:2 |      57 |       0 |   0.0 |       8 |       0 |   0.0
            +---------+---------+-------+---------+---------+-------
